Map: Dusk Towers

Players

State - Winner!

  • Race: Protoss Protoss
  • League: Master

IIIIIIIIIIII

  • Race: Zerg Zerg
  • League: Master

VOD

Have the link to the VOD?

Description

Time

  • Played on: Jan. 5, 2016, 10:11 p.m.
  • Length: 10:22
Show
View Real Time Build Order
Export as new Build Order

State Protoss - Winner!

Build Orders: Nexus First 

Get SALT Encoding   

  12  0:01  Probe (Chrono Boost)  
  13  0:11  Probe (Chrono Boost)  
  14  0:19  Pylon  
  14  0:22  Probe (Chrono Boost)  
  15  0:37  Probe (Chrono Boost)  
  16  0:48  Probe (Chrono Boost)  
  17  0:58  Nexus  
  17  1:01  Probe (Chrono Boost)  
  18  1:10  Gateway  
  18  1:14  Probe (Chrono Boost)  
  18  1:18  Assimilator  
  19  1:24  Probe (Chrono Boost)  
  20  1:26  Assimilator  
  20  1:35  Probe (Chrono Boost)  
  21  1:44  Gateway  
  21  1:45  Probe (Chrono Boost)  
  22  1:56  Probe (Chrono Boost)  
  23  2:02  Cybernetics Core  
  23  2:10  Probe (Chrono Boost), Zealot (Chrono Boost)  
  23  2:11  Probe (Chrono Boost)  
  27  2:20  Probe  
  27  2:21  Probe  
  29  2:32  Probe (Chrono Boost)  
  29  2:33  Probe (Chrono Boost)  
  31  2:39  Adept x2 (Chrono Boost)  
  31  2:41  Warp Gate  
  31  2:43  Probe  
  36  2:44  Probe  
  36  2:48  Pylon  
  37  2:56  Probe  
  38  3:05  Pylon  
  38  3:06  Probe (Chrono Boost)  
  38  3:07  Sentry x2 (Chrono Boost)  
  38  3:08  Probe (Chrono Boost)  
  44  3:19  Mothership Core (Chrono Boost)  
  46  3:23  Probe (Chrono Boost)  
  47  3:27  Pylon  
  47  3:31  Sentry, Adept  
  47  3:34  Probe (Chrono Boost)  
  52  3:37  Probe (Chrono Boost)  
  53  3:44  Probe (Chrono Boost)  
  53  3:45  Nexus  
  53  3:47  Pylon  
  54  3:49  Probe (Chrono Boost)  
  54  3:55  Probe (Chrono Boost)  
  56  4:00  Probe (Chrono Boost)  
  57  4:04  Assimilator x2  
  57  4:07  Gateway  
  57  4:09  Gateway  
  57  4:11  Probe (Chrono Boost)  
  57  4:12  Probe (Chrono Boost)  
  59  4:21  Probe (Chrono Boost)  
  59  4:23  Probe (Chrono Boost)  
  61  4:28  Stargate  
  61  4:29  Stargate  
  61  4:32  Probe (Chrono Boost)  
  61  4:33  Probe (Chrono Boost)  
  63  4:42  Probe (Chrono Boost)  
  63  4:44  Probe (Chrono Boost)  
  65  4:48  Pylon  
  65  4:50  Adept x2  
  65  4:51  Pylon  
  69  4:53  Probe (Chrono Boost)  
  69  4:57  Probe (Chrono Boost)  
  71  5:03  Twilight Council, Probe (Chrono Boost)  
  72  5:07  Probe x2 (Chrono Boost)  
  72  5:12  Phoenix (Chrono Boost)  
  72  5:13  Phoenix (Chrono Boost)  
  78  5:14  Probe  
  78  5:17  Probe  
  78  5:18  Probe  
  81  5:21  Phoenix (Chrono Boost)  
  81  5:23  Robotics Facility  
  81  5:26  Probe  
  81  5:27  Probe  
  82  5:29  Assimilator  
  82  5:30  Probe, Assimilator  
  82  5:33  Pylon  
  82  5:34  Pylon  
  84  5:46  Phoenix (Chrono Boost)  
  84  5:47  Probe, Phoenix (Chrono Boost)  
  84  5:48  Probe  
  90  5:57  Probe, Charge  
  90  6:04  Zealot x4  
  97  6:05  Probe, Phoenix (Chrono Boost)  
  97  6:06  Probe  
  97  6:08  Probe  
  97  6:11  Immortal (Chrono Boost), Phoenix (Chrono Boost)  
  104  6:17  Probe  
  111  6:20  Probe x2  
  111  6:25  Pylon  
  113  6:26  Pylon  
  113  6:30  Gateway  
  113  6:33  Gateway, Phoenix  
  113  6:34  Phoenix  
  117  6:50  Probe x2  
  117  6:52  Immortal (Chrono Boost)  
  123  6:59  Zealot x4  
  131  7:08  Probe x2  
  133  7:12  Gateway x2  
  133  7:14  Gateway  
  133  7:15  Gateway  
  133  7:16  Templar Archives, Colossus (Chrono Boost)  
  133  7:19  Gateway  
  133  7:20  Gateway  
  133  7:31  Pylon  
  133  7:33  Pylon  
  133  7:35  Pylon  
  133  7:37  Void Ray  
  133  7:40  Protoss Air Weapons Level 1  
  133  7:43  Void Ray  
  133  7:47  Blink  
  137  7:51  Pylon  
  137  7:53  Pylon  
  137  7:54  Warp Prism (Chrono Boost)  
  137  7:55  Probe, High Templar x2  
  137  7:56  Pylon, High Templar x2  
  148  8:01  Archon x2  
  148  8:11  Pylon  
  148  8:13  High Templar  
  148  8:14  Zealot x2, High Templar  
  148  8:15  Zealot x2  
  144  8:28  Stalker x4  
  142  8:35  Phoenix x2  
  142  8:39  Probe x2  
  142  8:40  Zealot x3  
  152  8:42  Probe  
  152  8:48  Archon  
  143  8:54  Zealot x4  
  129  9:05  Zealot x4  
  129  9:06  Zealot x4  
  143  9:19  High Templar x4  
  151  9:25  Archon x2  
  151  9:27  Zealot  
  151  9:28  Zealot x4  
  139  9:37  Zealot x3  
  123  9:48  Zealot x5  
  131  10:02  Nexus  
  131  10:09  Zealot x9  
  149  10:15  High Templar x2  
Show
View Real Time Build Order
Export as new Build Order

IIIIIIIIIIII Zerg 

Build Orders: Hatch First 

Get SALT Encoding   

  12  0:01  Drone  
  13  0:14  Overlord  
  13  0:18  Drone  
  14  0:32  Drone x2  
  16  0:37  Drone  
  17  0:52  Hatchery  
  17  0:56  Drone  
  17  1:00  Drone  
  17  1:02  Extractor  
  17  1:09  Drone  
  18  1:17  Spawning Pool  
  17  1:21  Drone  
  18  1:30  Drone  
  19  1:40  Overlord  
  19  1:52  Drone  
  20  2:03  Metabolic Boost  
  20  2:05  Queen x2, Zergling x2  
  25  2:09  Drone  
  25  2:13  Zergling x2  
  27  2:17  Drone  
  28  2:24  Drone  
  29  2:36  Hatchery  
  28  2:38  Drone  
  28  2:39  Drone  
  28  2:44  Overlord  
  30  2:46  Drone  
  30  2:47  Drone  
  32  2:58  Queen  
  32  3:02  Zergling x4  
  36  3:10  Drone x2  
  38  3:16  Drone x6  
  44  3:21  Overlord  
  44  3:28  Overlord  
  44  3:41  Drone x3  
  45  3:46  Overlord x2  
  45  3:48  Drone x5  
  48  3:55  Drone x2  
  54  4:00  Drone x2  
  56  4:05  Overlord  
  56  4:08  Lair  
  56  4:11  Drone x2  
  56  4:13  Extractor  
  56  4:14  Roach Warren, Extractor  
  55  4:18  Drone x4  
  55  4:19  Drone  
  60  4:25  Overlord  
  60  4:26  Drone  
  60  4:27  Drone x4  
  65  4:34  Drone x4  
  69  4:42  Drone  
  70  4:46  Evolution Chamber  
  70  4:48  Drone x5  
  70  4:51  Extractor x2  
  70  4:52  Drone x2  
  74  4:53  Drone  
  74  4:58  Drone x4, Extractor  
  74  4:59  Drone  
  78  5:02  Roach  
  78  5:04  Overlord  
  79  5:10  Roach  
  83  5:14  Roach  
  83  5:16  Overlord  
  83  5:18  Overseer  
  83  5:21  Zerg Missile Weapons Level 1  
  83  5:23  Roach x5  
  83  5:24  Roach x2, Zergling x2  
  98  5:34  Hatchery, Overlord  
  97  5:35  Overlord  
  97  5:39  Overlord  
  97  5:40  Overlord  
  97  5:49  Drone, Spire  
  97  5:56  Overlord  
  97  6:00  Spore Crawler, Drone x3  
  97  6:01  Spore Crawler  
  97  6:03  Spore Crawler  
  97  6:05  Roach x4  
  97  6:10  Overlord x2  
  105  6:20  Overlord  
  105  6:23  Roach x3, Zergling x2  
  105  6:24  Zergling x8  
  115  6:27  Ravager x2  
  115  6:28  Ravager x2  
  115  6:31  Zergling x2  
  115  6:32  Zergling x12  
  126  6:33  Zergling x2  
  126  6:35  Glial Reconstitution  
  127  6:42  Zergling x2  
  124  6:48  Queen  
  124  6:53  Zergling x2  
  124  6:54  Zergling x12  
  127  7:03  Corruptor  
  127  7:04  Corruptor x4  
  127  7:08  Corruptor  
  134  7:12  Corruptor x2  
  136  7:20  Roach x4  
  140  7:24  Zerg Melee Weapons Level 1  
  140  7:25  Roach  
  140  7:26  Roach  
  142  7:43  Overlord x3  
  141  7:48  Zergling x2  
  141  7:49  Zergling x4  
  141  7:50  Overlord x4  
  144  8:00  Ravager  
  144  8:01  Ravager x6  
  144  8:02  Roach  
  144  8:03  Roach x9  
  167  8:22  Roach x6  
  167  8:23  Roach x3  
  165  8:31  Roach  
  165  8:32  Roach x8  
  163  8:47  Roach  
  163  8:48  Roach x6  
  148  8:57  Roach  
  148  8:58  Roach x7  
  158  9:03  Hydralisk Den  
  158  9:05  Roach, Zergling x2  
  158  9:12  Overlord  
  158  9:14  Zergling x2  
  158  9:15  Zergling x4  
  134  9:31  Roach x2  
  134  9:32  Roach x2, Zergling x6  
  134  9:33  Zergling x12  
Tags
 
Add a new tag
Caveats
  • Supply blocks, unpowered buildings, or Contaminate may cause inaccurate times.
  • Supply counts are checked every 10 seconds.